 Dungeon Crawl Stone Soup version 0.26-a0-663-g36e8fdb655 (webtiles) character file.

Game seed: 3534972196949966820

13041 marklar909 the Geomancer (level 12, -11/91 HPs)
             Began as a Formicid Earth Elementalist on Oct 10, 2020.
             Was an Initiate of Gozag.
             Mangled by a boulder beetle (25 damage)
             ... on level 11 of the Dungeon on Oct 11, 2020.
             The game lasted 00:51:24 (18469 turns).

marklar909 the Geomancer (FoEE)                    Turns: 18469, Time: 00:51:25

Health: -11/91     AC:  7    Str: 18    XL:     12   Next: 27%
Magic:  3/25       EV: 16    Int: 17    God:    Gozag
Gold:   685        SH:  0    Dex: 13    Spells: 17/30 levels left

rFire    + . .     SeeInvis +   b - +4 trident
rCold    . . .     Faith    .   (no shield)
rNeg     . . .     Spirit   .   m - +0 leather armour
rPois    .         Reflect  .   (helmet unavailable)
rElec    .         Harm     .   q - +0 cloak
rCorr    .         Rampage  .   G - +0 pair of gloves {archery}
MR       +....                  n - +0 pair of boots
Stlth    ++........             B - amulet "Itraucixu" {rF+ Regen+ Str+4}
HPRegen  0.65/turn              o - ring of wizardry
MPRegen  0.19/turn              J - +4 ring of evasion

@: no status effects
A: permanent stasis, dig shafts and tunnels, four strong arms, antennae 3
a: Dig, Shaft Self, Potion Petition, Call Merchant, Bribe Branch, Renounce
Religion


You were on level 11 of the Dungeon.
You worshipped Gozag.
Gozag was pleased with you.
You visited 2 branches of the dungeon, and saw 12 of its levels.
You also visited: Sewer.

You collected 2006 gold pieces.
You spent 1235 gold pieces at shops.
You paid 86 gold pieces to Gozag.

Inventory:

Hand Weapons
 a - a +3 vorpal arbalest
 b - a +4 trident (weapon)
 C - a +6 spear
Missiles
 d - 12 bolts
 h - 55 stones (quivered)
Armour
 j - a +0 ring mail
 m - a +0 leather armour (worn)
 n - a +0 pair of boots (worn)
 q - a +0 cloak (worn)
 F - a +2 tower shield
 G - a +0 pair of gloves of archery (worn)
 O - a +0 kite shield
Jewellery
 o - a ring of wizardry (left hand)
 B - the amulet "Itraucixu" (around neck) {rF+ Regen+ Str+4}
   (You bought it in a shop on level 10 of the Dungeon)

   [amulet of regeneration]

   It affects your strength (+4).
   It protects you from fire.
   It increases your rate of regeneration.
 I - an uncursed amulet of the acrobat
 J - a +4 ring of evasion (right hand)
Wands
 w - a wand of digging (5)
 A - a wand of flame (41)
 M - a wand of polymorph (5)
Scrolls
 c - a scroll of immolation {unknown}
 e - 5 scrolls of remove curse
 f - a scroll of enchant weapon
 k - 3 scrolls of magic mapping
 l - 3 scrolls of fog
 s - a scroll of fear {unknown}
 u - a scroll of teleportation {unknown}
 v - a scroll of random uselessness {unknown}
 x - 2 scrolls of identify
 y - 2 scrolls of noise {unknown}
 L - a scroll of acquirement {unknown}
 P - a scroll of torment {unknown}
Potions
 g - 2 potions of heal wounds {unknown}
 i - 2 potions of curing
 p - a potion of cancellation {unknown}
 r - a potion of magic {unknown}
 t - 4 potions of ambrosia {unknown}
 z - 2 potions of brilliance {unknown}
 D - a potion of stabbing {unknown}
 E - a potion of haste {unknown}
 H - 2 potions of lignification {unknown}
 K - a potion of invisibility {unknown}
 N - 2 potions of flight


   Skills:
 * Level 7.1 Fighting
 + Level 1.5 Polearms
 + Level 0.1 Crossbows
 * Level 6.9 Armour
 + Level 2.8 Dodging
 + Level 4.1 Stealth
 * Level 4.8 Shields
 + Level 9.7 Spellcasting
 + Level 5.4 Conjurations
 * Level 6.6 Transmutations
 + Level 11.2 Earth Magic


You had 17 spell levels left.
You knew the following spells:

 Your Spells              Type           Power        Failure   Level
a - Sandblast             Erth           #####.       1%          1
b - Stone Arrow           Conj/Erth      #####.       1%          3
c - Lee's Rapid Deconstr  Erth           #####.....   1%          5
d - Petrify               Tmut/Erth      #####...     1%          4

Your spell library contained the following spells:

 Spells                   Type           Power        Failure   Level
 Magic Dart               Conj           ####         1%          1
 Passwall                 Tmut/Erth      #####...     1%          2
 Conjure Flame            Conj/Fire      ###.....     4%          3
 Call Imp                 Summ           #.......     6%          2
 Slow                     Hex            #.......     6%          2
 Mephitic Cloud           Conj/Pois/Air  ##......     6%          3
 Blink                    Tloc           Unusable     N/A         2

Dungeon Overview and Level Annotations

Branches:
Dungeon (11/15)            Temple (1/1) D:5            Lair (0/6) D:9
    Orc (0/2) D:10          Sewer (visited)

Altars:
Ashenzari
Cheibriados
Dithmenos
Elyvilon
Fedhas
Gozag
Hepliaklqana
Kikubaaqudgha
Makhleb
Nemelex Xobeh
Okawaru
Ru
Sif Muna
Trog
Uskayaw
Vehumet
Wu Jian
Xom
Yredelemnul
Zin
The Shining One

Shops:
D:5 =   D:10 (*=[

Annotations:
D:4 exclusion: statue


Innate Abilities, Weirdness & Mutations

You cannot be hasted, slowed, berserked, paralysed or teleported.
You can dig through walls and to a lower floor.
Your four strong arms can wield two-handed weapons with a shield.
You have a pair of large antennae on your head. (SInv)


Message History

You hit the boulder beetle but do no damage.
The boulder beetle is lightly wounded.
The boulder beetle bites you!!
Unknown command.
Unknown command.
The boulder beetle bites you!!
* * * LOW HITPOINT WARNING * * *
Unknown command.
The boulder beetle blinks!
The boulder beetle curls into a ball and begins rolling!
The boulder beetle barely misses you.
The boulder beetle stops rolling and uncurls.
Things that are here:
a cursed -1 giant club; a +0 giant spiked club
Things that are here:
a +0 shortbow; 8 arrows The boulder beetle curls into a ball and begins rolling!
The boulder beetle hits you!!
You die...
Your body crumbles into a pile of gold.

#.########### ###.####...##
##...##......######
##.............##..#
######..............#...#
##.......................#
########..####......(.......#(###
.................(.........##(#
...###..........@B○.#.......#(#
## ###..........###○#........(#
#.........(..###O.....[...##
#....<.......(##..#.....(.#
#............○.#..##...#..#
##............#°..#######(.#
#.........(...........###..#
#.#............##...#..(..(##
#.##...........####.#####(()#


You could see a boulder beetle.

Vanquished Creatures
  A centaur warrior (D:11)
  3 two-headed ogres
  A skeletal warrior (D:10)
  A necromancer (D:10)
  An ugly thing (D:11)
  Maurice (D:10)
  2 centaur skeletons (D:10)
  A troll (D:9)
  4 flying skulls (D:10)
  3 shadows (D:10)
  5 wraiths (D:10)
  2 wyverns
  A steam dragon (D:8)
  A water moccasin (D:9)
  A soldier ant (D:8)
  3 orc warriors
  2 sky beasts
  An ice beast (D:5)
  An eye of draining (D:11)
  A phantom (D:7)
  9 centaurs
  A hornet zombie (D:10)
  3 ogres
  A big kobold (D:10)
  7 bullfrogs
  2 wyvern zombies (D:10)
  2 water moccasin zombies
  5 scorpions
  13 killer bees
  13 wights
  A howler monkey (D:7)
  2 electric eels (D:9)
  3 bullfrog zombies
  7 bullfrog skeletons
  2 centaur zombies
  2 jellies (D:10)
  3 hounds
  5 orc priests
  6 orc wizards
  Crazy Yiuf (D:2)
  An iguana (D:8)
  Jessica (D:2)
  Ijyb (D:4)
  Natasha (thrice) (D:2)
  8 worker ants
  A killer bee zombie (D:5)
  A hound skeleton (D:10)
  A worker ant zombie (D:10)
  14 adders
  3 gnolls (D:2)
  2 shadow imps
  4 white imps
  5 ufetubi
  An adder skeleton (D:4)
  2 worms
  4 leopard geckos
  43 orcs
  3 giant cockroaches
  5 goblins
  13 hobgoblins
  16 jackals
  11 kobolds
  5 quokkas
  2 ball pythons (Sewer)
  A ball python zombie (D:5)
  6 bats
  12 frilled lizards
  A leopard gecko skeleton (D:4)
  2 quokka skeletons
  7 rats
303 creatures vanquished.

Vanquished Creatures (others)
  A quokka (D:11)
  10 plants (Sewer)
11 creatures vanquished.

Grand Total: 314 creatures vanquished

Notes
Turn   | Place    | Note
-------+----------+-------------------------------------------
     0 | D:1      | marklar909 the Formicid Earth Elementalist began the quest
                  | for the Orb.
     0 | D:1      | Reached XP level 1. HP: 13/13 MP: 3/3
   155 | D:1      | Reached XP level 2. HP: 19/19 MP: 3/5
   248 | D:1      | Reached skill level 4 in Earth Magic
   611 | D:1      | Reached XP level 3. HP: 25/25 MP: 4/6
  1286 | D:2      | Found a runed translucent door.
  1287 | D:2      | Noticed Crazy Yiuf
  1427 | D:2      | Reached XP level 4. HP: 27/31 MP: 3/8
  1431 | D:2      | Reached skill level 1 in Fighting
  1431 | D:2      | Reached skill level 1 in Armour
  1507 | D:2      | Learned a level 3 spell: Stone Arrow
  1952 | D:2      | Noticed Natasha
  1956 | D:2      | Killed Natasha
  1956 | D:2      | Reached skill level 5 in Earth Magic
  1956 | D:2      | Reached XP level 5. HP: 37/37 MP: 6/9
  2105 | D:2      | Noticed Jessica
  2106 | D:2      | Killed Jessica
  2305 | D:2      | Killed Crazy Yiuf
  2415 | D:3      | Reached skill level 6 in Earth Magic
  2415 | D:3      | Reached XP level 6. HP: 43/43 MP: 5/11
  2463 | D:2      | Noticed Natasha
  2466 | D:2      | Killed Natasha
  2652 | D:2      | Noticed Natasha
  2654 | D:2      | Killed Natasha
  2730 | D:3      | Found a glowing drain.
  2804 | Sewer    | Entered a sewer
  3064 | Sewer    | Reached skill level 1 in Conjurations
  4092 | D:3      | Reached XP level 7. HP: 41/48 MP: 5/13
  4994 | D:4      | You fall into a shaft and drop 2 floors!
  5497 | D:6      | Reached skill level 7 in Earth Magic
  5610 | D:5      | Entered Level 5 of the Dungeon
  5757 | D:5      | Found a staircase to the Ecumenical Temple.
  5763 | D:5      | Reached skill level 5 in Spellcasting
  5775 | Temple   | Entered the Ecumenical Temple
  5807 | Temple   | Became a worshipper of Gozag Ym Sagoz the Greedy
  6081 | D:5      | Identified the +10 dagger of the Nine Ears {freeze, Dex+4}
  6087 | D:5      | Reached XP level 8. HP: 45/54 MP: 5/15
  6175 | D:5      | Found Muzem's Jewellery Shop.
  6741 | D:4      | Found a radiant altar of Vehumet.
  6756 | D:4      | Learned a level 5 spell: Lee's Rapid Deconstruction
  6761 | D:4      | Learned a level 4 spell: Petrify
  7160 | D:4      | Noticed Ijyb
  7165 | D:4      | Killed Ijyb
  8504 | D:6      | Reached skill level 8 in Earth Magic
  9176 | D:7      | Reached XP level 9. HP: 52/61 MP: 5/18
 10967 | D:8      | Reached skill level 9 in Earth Magic
 11543 | D:8      | Reached XP level 10. HP: 69/71 MP: 10/20
 12050 | D:9      | Reached skill level 1 in Polearms
 12057 | D:9      | Found a staircase to the Lair.
 12710 | D:9      | Noticed a two-headed ogre
 12781 | D:9      | Killed a two-headed ogre
 12781 | D:9      | Reached skill level 5 in Armour
 12781 | D:9      | Reached skill level 10 in Earth Magic
 14406 | D:10     | Entered Level 10 of the Dungeon
 14494 | D:10     | Noticed a two-headed ogre
 14656 | D:10     | Killed a two-headed ogre
 14656 | D:10     | Reached skill level 5 in Fighting
 14656 | D:10     | Reached skill level 1 in Shields
 14656 | D:10     | Reached XP level 11. HP: 79/79 MP: 10/23
 14758 | D:10     | Found Ytuff's Antique Armour Boutique.
 14766 | D:10     | Bought a pair of runed gloves for 217 gold pieces
 15043 | D:10     | Found Iweymuik's General Store.
 15131 | D:10     | Found Esoss's Jewellery Boutique.
 15134 | D:10     | Bought the amulet "Itraucixu" {rF+ Regen+ Str+4} for 838
                  | gold pieces
 15321 | D:10     | Found Nessani's Antique Weapon Shoppe.
 15511 | D:10     | Found a staircase to the Orcish Mines.
 15613 | D:10     | Reached skill level 5 in Transmutations
 15759 | D:10     | Noticed Maurice
 15777 | D:10     | Killed Maurice
 16120 | D:10     | Noticed a necromancer
 16176 | D:10     | Killed a necromancer
 16176 | D:10     | Reached skill level 5 in Conjurations
 16566 | D:10     | Noticed a skeletal warrior
 16571 | D:10     | Bought a runed arbalest for 180 gold pieces
 16732 | D:10     | Killed a skeletal warrior
 16907 | D:10     | Reached skill level 11 in Earth Magic
 17624 | D:11     | Reached XP level 12. HP: 89/89 MP: 16/25
 18076 | D:11     | Noticed a centaur warrior
 18091 | D:11     | HP: 1/89 [centaur warrior/arrow (16)]
 18092 | D:11     | Killed a centaur warrior
 18098 | D:11     | HP: 3/89 [centaur[a centaur warrior] (5)]
 18105 | D:11     | Noticed a two-headed ogre
 18150 | D:11     | Killed a two-headed ogre
 18427 | D:11     | Noticed a boulder beetle
 18428 | D:11     | Noticed a two-headed ogre
 18469 | D:11     | Mangled by a boulder beetle

Illustrated notes

Levels and vault maps discovered:
D:1:      nicolae_arrival_somewhat_less_tricky_arrival, layout_rooms
D:2:      layout_loops_ring, uniq_natasha, uniq_crazy_yiuf_cottage, uniq_jessica
D:3:      layout_loops_ring, gup_sewer_entry_glass
D:4:      layout_loops_ring, vehumet_statue, kennysheep_generic_room_3,
          uniq_ijyb
D:5:      layout_basic, minmay_temple_entry_arrows, serial_shops, shop,
          minmay_misc_feat_chi
D:6:      layout_loops_ring, wad_rectangle_vault
D:7:      layout_loops_ring
D:8:      layout_basic
D:9:      layout_basic, lair_entry_dummy
D:10:     hangedman_screamer, layout_irregular_city, orc_0_dummy, serial_shops,
          nicolae_shop_statue_plus, kennysheep_mini, shop_fountains, shop,
          uniq_maurice
D:11:     layout_rooms, elyvilon_altar_4
Temple:   dpeg_three_leaves_temple

Skill      XL: |  1  2  3  4  5  6  7  8  9 10 11 12 |
---------------+-------------------------------------+-----
Earth Magic    | 4 5 6 7 8 9 10 11 | 11.2
Stealth        | 3 4 |  4.1
Spellcasting   | 3 4 5 6 7 8 9 |  9.7
Fighting       | 1 2 3 5 6 7 |  7.1
Armour         | 1 2 4 5 6 |  6.9
Conjurations   | 1 2 3 4 5 |  5.4
Dodging        | 2 |  2.8
Transmutations | 2 3 4 6 |  6.6
Polearms       | 1 |  1.5
Shields        | 1 4 |  4.8
Crossbows      | |  0.1

Action                   |  1- 3 |  4- 6 |  7- 9 | 10-12 || total
-------------------------+-------+-------+-------+-------++-------
Melee: Unarmed           |     7 |    12 |    27 |       ||    46
       Glaive            |       |       |     1 |     8 ||     9
       Trident           |       |       |       |    18 ||    18
 Fire: Arbalest          |       |       |       |     3 ||     3
 Cast: Sandblast         |    52 |    48 |    63 |   157 ||   320
       Stone Arrow       |       |    31 |   132 |   141 ||   304
       Petrify           |       |       |       |     7 ||     7
       Lee's Rapid Decon |       |       |       |    12 ||    12
 Abil: Dig               |       |     2 |       |     8 ||    10
  Use: Scroll            |       |     4 |     2 |       ||     6
       Potion            |       |       |       |     4 ||     4
 Stab: Distracted        |       |       |     1 |       ||     1
Armor: Robe              |     8 |     6 |       |       ||    14
       Leather armour    |       |       |    24 |    32 ||    56
Dodge: Dodged            |    34 |    15 |    68 |   132 ||   249

Table legend: (Time is in decaauts)
 A = Elapsed time spent in this place.
 B = Non-inter-level travel time spent in this place.
 C = Inter-level travel time spent in this place.
 D = Time resting spent in this place.
 E = Time spent auto-exploring this place.
 F = Levels seen in this place.
 G = Mean time per level.
                   A        B        C        D        E       F      G
               +--------+--------+--------+--------+--------+-----+--------+
         Total |  18659 |  17584 |   1075 |   3442 |  10267 |  13 | 1435.3 |
       Dungeon |  17355 |  16330 |   1025 |   3265 |   9477 |  11 | 1577.7 |
        Temple |     52 |      2 |     50 |      0 |      0 |   1 |   52.0 |
         Sewer |   1250 |   1250 |      0 |    177 |    789 |   1 | 1250.0 |
               +--------+--------+--------+--------+--------+-----+--------+

Top non-repeatable levels by time:
    D:10: 3303 daAuts
     D:9: 2217 daAuts
     D:8: 1890 daAuts
     D:6: 1520 daAuts
     D:4: 1453 daAuts
     D:5: 1452 daAuts
     D:2: 1430 daAuts
   Sewer: 1250 daAuts
     D:1: 1212 daAuts
     D:7: 1182 daAuts
     D:3: 1056 daAuts
    D:11: 636 daAuts
  Temple: 52 daAuts
